 Dungeon Crawl Stone Soup version 0.20-a0-465-g6513c8f (webtiles) character file.

21370 Amnesiac the Jinx (level 12, -9/83 HPs)
             Began as a Mummy Enchanter on Jan 12, 2017.
             Was an Initiate of Gozag.
             Mangled by an enchanted long sword (18 damage)
             ... on level 12 of the Dungeon.
             The game lasted 00:35:53 (17244 turns).

Amnesiac the Jinx (Mummy Enchanter)                Turns: 17244, Time: 00:35:53

Health: -9/83      AC: 17    Str: 13    XL:     12   Next: 53%
Magic:  28/28      EV: 17    Int: 17    God:    Gozag
Gold:   416        SH:  0    Dex: 13    Spells: 16/35 levels left

rFire  x . .     SeeInvis .     K - +4 demon trident (vamp)
rCold  + . .     Gourm    .     f - +0 ring mail
rNeg   + + +     Faith    .     (no shield)
rPois  ∞         Spirit   .     J - +2 helmet "Xil Ifed" {MR+ Stlth+}
rElec  .         Reflect  .     v - +2 cloak
rCorr  .         Harm     .     l - +1 pair of gloves
MR     ++...                    (no boots)
Stlth  ++........               m - amulet of regeneration
                                h - +4 ring of evasion
                                D - +4 ring of protection

@: about to teleport
A: no food or potions, fire vulnerability, cold resistance 1, negative energy
resistance 3, torment resistance, unbreathing
a: Potion Petition, Call Merchant, Bribe Branch, Renounce Religion


You were on level 12 of the Dungeon.
You worshipped Gozag.
Gozag was aware of your devotion.
You were not hungry.

You visited 2 branches of the dungeon, and saw 14 of its levels.
You also visited: Labyrinth.

You collected 3012 gold pieces.
You spent 1922 gold pieces at shops.
You paid 674 gold pieces to Gozag.

Inventory:

Hand Weapons
 p - a +3 spear of venom
 G - a +0 blowgun
 K - a +4 vampiric demon trident (weapon)
Missiles
 q - 4 curare-tipped needles
 w - 2 throwing nets (quivered)
Armour
 e - a +2 helmet of see invisible
 f - a +0 ring mail (worn)
 l - a +1 pair of gloves (worn)
 v - a +2 cloak (worn)
 J - the +2 helmet "Xil Ifed" (worn) {MR+ Stlth+}
   (You bought it in a shop on level 11 of the Dungeon)

   It affects your resistance to hostile enchantments.
   It makes you more stealthy.
Jewellery
 h - a +4 ring of evasion (right hand)
 m - an amulet of regeneration (around neck)
 x - an uncursed ring of flight
 D - a +4 ring of protection (left hand)
Wands
 u - a wand of paralysis (13/24)
 z - a wand of enslavement (9/24)
 C - a wand of disintegration (9/24)
Scrolls
 b - 10 scrolls of identify
 d - 4 scrolls of magic mapping
 g - 4 scrolls of teleportation
 i - 2 scrolls of fog
 j - 2 scrolls of holy word
 n - 3 scrolls of amnesia
 r - a scroll of silence
 t - 2 scrolls of enchant weapon
 L - a scroll of remove curse
Books
 a - a book of Callings

   Spells                             Type                      Level
   a - Summon Small Mammal            Summoning                    1
   b - Call Imp                       Summoning                    2
   c - Call Canine Familiar           Summoning                    3
   d - Summon Guardian Golem          Hexes/Summoning              3
   e - Summon Lightning Spire         Summoning/Air                4
   f - Summon Ice Beast               Ice/Summoning                4
 c - a book of Maledictions

   Spells                             Type                      Level
   a - Corona                         Hexes                        1
   b - Ensorcelled Hibernation        Hexes/Ice                    2
   c - Confuse                        Hexes                        3
   d - Tukima's Dance                 Hexes                        3
   e - Dazzling Spray                 Conjuration/Hexes            3
 s - a book of Misfortune

   Spells                             Type                      Level
   a - Confusing Touch                Hexes                        1
   b - Confuse                        Hexes                        3
   c - Gell's Gravitas                Hexes/Translocation          3
   d - Petrify                        Transmutation/Earth          4
   e - Metabolic Englaciation         Hexes/Ice                    5
   f - Yara's Violent Unravelling     Hexes/Transmutation          5
 A - a book of Transfigurations

   Spells                             Type                      Level
   a - Irradiate                      Conjuration/Transmutation    5
   b - Statue Form                    Transmutation/Earth          6
   c - Hydra Form                     Transmutation                6
   d - Dragon Form                    Transmutation                7
 B - the Incunabulum of Hexes and Arcane Weapons
   (You found it in a labyrinth)

   Spells                             Type                      Level
   a - Slow                           Hexes                        2
   b - Gell's Gravitas                Hexes/Translocation          3
   c - Throw Icicle                   Conjuration/Ice              4
   d - Lightning Bolt                 Conjuration/Air              5
   e - Iron Shot                      Conjuration/Earth            6
Miscellaneous
 k - a lightning rod (4/4)


   Skills:
 - Level 4.0 Fighting
   Level 0.7 Short Blades
 + Level 7.8 Polearms
 - Level 5.6 Dodging
 - Level 2.4 Stealth
 - Level 12.0 Spellcasting
 - Level 13.0 Hexes


You had 16 spell levels left.
You knew the following spells:

 Your Spells              Type           Power        Failure   Level  Hunger
a - Gell's Gravitas       Hex/Tloc       ####......   3%          3    N/A
b - Dazzling Spray        Conj/Hex       ####..       3%          3    N/A
c - Yara's Violent Unrav  Hex/Tmut       ####......   30%         5    N/A
d - Ensorcelled Hibernat  Hex/Ice        ####..       1%          2    N/A
e - Confuse               Hex            ######..     1%          3    N/A
w - Tukima's Dance        Hex            ######..     1%          3    N/A

Dungeon Overview and Level Annotations

Branches:
Dungeon (13/15)            Temple (1/1) D:4            Lair (0/6) D:10
    Orc (0/2) D:11
 Vaults: D:13-14

Altars:
Ashenzari
Cheibriados
Dithmenos
Elyvilon
Fedhas
Gozag
Hepliaklqana
Kikubaaqudgha
Makhleb
Nemelex Xobeh
Okawaru
Qazlal
Ru
Sif Muna
Trog
Uskayaw
Vehumet
Xom
Yredelemnul
Zin
The Shining One

Shops:
D:8 %?   D:11 =([

Annotations:
D:13 Azrael


Innate Abilities, Weirdness & Mutations

You do not eat or drink.
Your flesh is vulnerable to fire.
You are immune to poison.
Your flesh is cold resistant. (rC+)
You are immune to negative energy. (rN+++)
You are immune to unholy pain and torment.
You can survive without breathing.


Message History

The hell hound breathes flames at you. The blast of flame hits you!
The fire burns you terribly! The enchanted long sword hits you!!
* * * LOW HITPOINT WARNING * * *
The troll bites you!
* * * LOW HITPOINT WARNING * * *
The troll misses you. The troll claws you but does no damage.
Azrael gestures at you.
The bolt of fire misses the hell hound.
The bolt of fire misses you.
You climb upwards.
There is a stone staircase leading down here.
The enchanted long sword hits you but does no damage.
The enchanted long sword closely misses you.
As you read the scroll of teleportation, it crumbles to dust.
You feel strangely unstable. The enchanted long sword hits you!
* * * LOW HITPOINT WARNING * * *
The enchanted long sword hits you but does no damage.
The enchanted long sword hits you!!
You die...
Your body crumbles into a pile of gold.

##.##
##############...##
##.................#
..#.###########>..##
.###.## ##.##
..#...# #.# ##.##.#
#T# .#.##.##### #(#
..........# #@#
##.##.###.# #.#
##.##.# #.# #)#
......# #.# #.#
....### #.######.#
##..# #........#
#..# #..####### #..#
#..# #..# #..#


You could see a troll and an enchanted long sword.

Vanquished Creatures
  A minotaur (Lab)
  Harold (D:10)
  A hydra (D:11)
  A centaur warrior (D:10)
  4 two-headed ogres
  The ghost of Ijustatesigmund the Thaumaturge, a novice DEWz of Cheibriados (D:10)
  4 skeletal warriors (D:10)
  An orc knight (D:11)
  3 ugly things
  A manticore (D:11)
  An ice statue (D:12)
  3 centaur skeletons
  2 gargoyles
  A komodo dragon (D:10)
  A merfolk (D:9)
  A polar bear (D:10)
  3 hornets (D:12)
  A hippogriff (D:11)
  A shadow (D:12)
  10 yaks
  Sigmund (D:6)
  A wyvern (D:9)
  2 wraiths
  A fire elemental (D:12)
  Grum (D:8)
  A hungry ghost (D:7)
  A dancing weapon (D:5)
  A water moccasin (D:12)
  5 orc warriors
  4 ice beasts
  2 phantoms
  A sky beast (D:12)
  2 black bears
  An eye of draining (D:8)
  3 wolves (D:8)
  7 ogres
  5 centaurs
  2 big kobolds (D:11)
  5 bullfrogs
  A scorpion (D:4)
  4 killer bees (D:9)
  7 wights
  3 bullfrog zombies
  6 crimson imps
  9 orc priests
  4 jellies
  2 bullfrog skeletons
  3 hounds
  10 orc wizards
  3 iguanas
  Terence (D:2)
  9 worker ants
  2 hound zombies
  A hound skeleton (D:10)
  2 worker ant zombies
  5 gnolls
  12 adders
  6 shadow imps
  A white imp (D:10)
  4 worms
  4 dart slugs
  4 leopard geckos
  38 orcs
  9 giant cockroaches
  9 goblins
  9 hobgoblins
  9 jackals
  5 quokkas
  7 ball pythons
  6 bats
  5 frilled lizards
  A giant cockroach zombie (D:6)
  A jackal skeleton (D:4)
  17 kobolds
  2 quokka skeletons
  7 rats
316 creatures vanquished.

Vanquished Creatures (collateral kills)
  2 two-headed ogres
  Joseph (D:8)
  An orc warrior (D:9)
  An ogre (D:5)
5 creatures vanquished.

Vanquished Creatures (others)
  A wyvern (D:12)
  4 dancing weapons
  33 plants (D:10)
38 creatures vanquished.

Grand Total: 359 creatures vanquished

Notes
Turn   | Place    | Note
-------+----------+-------------------------------------------
     0 | D:1      | Amnesiac the Mummy Enchanter began the quest for the Orb.
     0 | D:1      | Reached XP level 1. HP: 13/13 MP: 4/4
     6 | D:1      | You fall through a shaft!
   462 | D:2      | Reached skill level 3 in Hexes
   462 | D:2      | Reached XP level 2. HP: 16/19 MP: 4/6
   961 | D:2      | Reached XP level 3. HP: 10/24 MP: 6/8
  1140 | D:2      | Learned a level 3 spell: Confuse
  1144 | D:2      | Learned a level 3 spell: Tukima's Dance
  1398 | D:3      | Reached XP level 4. HP: 30/30 MP: 7/10
  1609 | D:3      | Reached skill level 4 in Hexes
  1890 | D:3      | Found a burning altar of Makhleb.
  2003 | D:3      | Reached XP level 5. HP: 4/35 MP: 2/11
  2504 | D:4      | Found a staircase to the Ecumenical Temple.
  2512 | Temple   | Entered the Ecumenical Temple
  2532 | Temple   | Became a worshipper of Gozag Ym Sagoz the Greedy
  2843 | D:1      | You fall through a shaft!
  3466 | D:2      | Noticed Terence
  3479 | D:2      | Killed Terence
  3479 | D:2      | Reached skill level 5 in Spellcasting
  3479 | D:2      | Reached skill level 5 in Hexes
  4170 | D:3      | Reached XP level 6. HP: 41/41 MP: 13/13
  4251 | D:4      | Reached skill level 1 in Polearms
  4529 | D:4      | Reached skill level 1 in Fighting
  4862 | D:5      | Entered Level 5 of the Dungeon
  4876 | D:5      | Reached XP level 7. HP: 50/50 MP: 8/14
  5149 | D:5      | Found a glowing golden altar of the Shining One.
  5385 | D:5      | Found a radiant altar of Vehumet.
  5385 | D:5      | Found an iron altar of Okawaru.
  5387 | D:5      | Found a hide-covered altar of Uskayaw.
  5958 | D:6      | Noticed Sigmund
  5977 | D:6      | Killed Sigmund
  5977 | D:6      | Reached skill level 5 in Dodging
  6054 | D:6      | Reached XP level 8. HP: 26/56 MP: 3/15
  6836 | D:7      | Found a shattered altar of Ashenzari.
  7315 | D:7      | Found a sacrificial altar of Ru.
  7401 | D:7      | Reached skill level 6 in Hexes
  7699 | D:8      | Noticed a two-headed ogre
  7740 | D:8      | Killed a two-headed ogre
  7740 | D:8      | Reached skill level 7 in Hexes
  7740 | D:8      | Reached XP level 9. HP: 19/65 MP: 0/19
  8053 | D:8      | Found Ciynwoz's Food Shoppe.
  8297 | D:8      | Noticed a two-headed ogre
  8297 | D:8      | Noticed Grum
  8380 | D:8      | Reached skill level 8 in Hexes
  8383 | D:8      | Killed a two-headed ogre
  8402 | D:8      | HP: 2/65 [wolf[Grum] (10)]
  8447 | D:8      | Killed Grum
  8917 | D:8      | Reached skill level 9 in Hexes
  8981 | D:8      | Found Fasust's Magic Scroll Emporium.
  9025 | D:8      | Noticed Joseph
  9038 | D:8      | Killed Joseph
  9165 | D:9      | Reached XP level 10. HP: 58/71 MP: 19/22
  9668 | D:9      | Reached skill level 10 in Hexes
  9722 | D:9      | Noticed a two-headed ogre
  9733 | D:9      | Killed a two-headed ogre
 10193 | D:10     | Entered Level 10 of the Dungeon
 10204 | D:10     | Noticed a centaur warrior
 10206 | D:10     | Noticed Ijustatesigmund's ghost (novice DEWz)
 10229 | D:10     | Killed a centaur warrior
 10352 | D:10     | Killed Ijustatesigmund's ghost
 10352 | D:10     | Reached skill level 10 in Spellcasting
 10352 | D:10     | Reached skill level 11 in Hexes
 10751 | D:10     | Noticed Harold
 10829 | D:10     | Found an ancient bone altar of Kikubaaqudgha.
 11094 | D:10     | Noticed a two-headed ogre
 11107 | D:10     | Killed a two-headed ogre
 11152 | D:10     | Reached XP level 11. HP: 76/77 MP: 21/25
 12066 | D:10     | Killed Harold
 12202 | D:10     | Found a staircase to the Lair.
 12516 | D:10     | Reached skill level 12 in Hexes
 12946 | D:11     | Noticed a skeletal warrior
 12955 | D:11     | Found a labyrinth entrance.
 12959 | Lab      | Entered a labyrinth
 13182 | Lab      | Noticed a minotaur
 13183 | Lab      | Killed a minotaur
 13188 | Lab      | Identified the Incunabulum of Hexes and Arcane Weapons
 13376 | Lab      | Learned a level 3 spell: Gell's Gravitas
 13380 | Lab      | Learned a level 3 spell: Dazzling Spray
 13386 | Lab      | Learned a level 5 spell: Yara's Violent Unravelling
 13472 | D:11     | Noticed an orc knight
 13505 | D:11     | Killed an orc knight
 13710 | D:10     | Killed a skeletal warrior
 13946 | D:11     | Found Afour's Weapon Boutique.
 13947 | D:11     | Found a staircase to the Orcish Mines.
 13947 | D:11     | Found Plog's Armour Boutique.
 13997 | D:11     | Bought the +2 helmet "Xil Ifed" {MR+ Stlth+} for 478 gold pieces
 14018 | D:11     | Bought a +3 vampiric demon trident for 868 gold pieces
 14068 | D:11     | Noticed a skeletal warrior
 14293 | D:10     | Killed a skeletal warrior
 14423 | D:11     | Noticed a skeletal warrior
 14424 | D:11     | Noticed a skeletal warrior
 14793 | D:10     | Killed a skeletal warrior
 14793 | D:10     | Reached skill level 13 in Hexes
 15104 | D:10     | Killed a skeletal warrior
 15270 | D:11     | Noticed a red ugly thing
 15291 | D:11     | Killed a red ugly thing
 15462 | D:11     | Noticed a four-headed hydra
 15467 | D:11     | Noticed a six-headed hydra
 15530 | D:11     | Reached XP level 12. HP: 82/83 MP: 28/28
 15571 | D:11     | Killed a four-headed hydra
 15700 | D:11     | Noticed a two-headed ogre
 15707 | D:11     | Killed a two-headed ogre
 15707 | D:11     | Reached skill level 5 in Polearms
 15949 | D:11     | Bought a +4 ring of evasion for 576 gold pieces
 17071 | D:12     | Learned a level 2 spell: Ensorcelled Hibernation
 17075 | D:13     | Noticed Azrael
 17075 | D:13     | Noticed a two-headed ogre
 17113 | D:12     | Killed a two-headed ogre
 17244 | D:12     | Mangled by an enchanted long sword

Vault maps used:
D:1:      minmay_arrival_hallway, due_unseen_surprise
D:2:      uniq_terence
D:3:      makhleb_heckhound_becter, saegor_snake_ambush
D:5:      gammafunk_temple_overflow_claw, first_bread, basic_altar
D:6:      uniq_sigmund
D:7:      nicolae_ru_great_annihilating_truth, cheibrodos_ashenzari_chains
D:8:      serial_shops, nicolae_shop_trees, nicolae_shop_crystal, uniq_joseph,
          uniq_grum
D:9:      st_stairs_8, hangedman_fish_farm, small_statue_intersection
D:10:     david_lair_shrubbed, basic_altar, serial_ice, serial_ice_e,
          serial_ice_c, serial_ice_m, serial_ice_o, serial_ice_d, serial_ice_h,
          uniq_harold
D:11:     orc_david_3, lab_entry_generic
D:12:     lemuel_ice_statue, hangedman_abyss_or_decor_clamps
D:13:     erik_vaults_1, minmay_crystal_water, grunt_ministairs_9,
          minmay_guarded_unrand_resistance, uniq_azrael, uniq_snorg
Temple:   lightli_temple_of_artemis
Lab:      labyrinth_watery

Skill      XL: |  1  2  3  4  5  6  7  8  9 10 11 12 |
---------------+-------------------------------------+-----
Spellcasting   | 3 4 5 6 8 10 12 | 12.0
Hexes          | 3 4 5 7 9 11 13 | 13.0
Polearms       | 2 3 7 |  7.8
Fighting       | 2 4 |  4.0
Dodging        | 2 5 |  5.6
Short Blades   | |  0.7
Stealth        | |  2.4

Action                   |  1- 3 |  4- 6 |  7- 9 | 10-12 || total
-------------------------+-------+-------+-------+-------++-------
Melee: Dagger            |    43 |       |       |       ||    43
       Spear             |    77 |   271 |   478 |   600 ||  1426
       Whip              |       |     6 |       |       ||     6
       Demon trident     |       |       |       |   423 ||   423
       Great sword       |       |       |       |    28 ||    28
 Cast: Corona            |    15 |     5 |       |       ||    20
       Confuse           |     5 |    17 |    43 |   159 ||   224
       Tukima's Dance    |       |     1 |    13 |    11 ||    25
       Gell's Gravitas   |       |       |       |     4 ||     4
Invok: Potion Petition   |       |       |     1 |       ||     1
       Call Merchant     |       |       |       |     1 ||     1
 Abil: Evoke Flight      |       |       |       |     1 ||     1
  Use: Scroll            |       |       |    11 |    14 ||    25
 Stab: Sleeping          |     2 |     3 |     4 |     2 ||    11
       Confused          |     1 |     6 |    18 |    74 ||    99
       Distracted        |       |     1 |     2 |     1 ||     4
       Fleeing           |       |       |     1 |       ||     1
Armor: Robe              |     8 |       |       |       ||     8
       Ring mail         |    27 |   105 |   120 |   401 ||   653
Dodge: Dodged            |    58 |   131 |   190 |   580 ||   959
       Rpst.: Great sword |       |       |       |     2 ||     2
